 Dungeon Crawl Stone Soup version 0.23.2-33-g5129a83184 (webtiles) character file.

Game seed: 55744406374640629

180365 xelsha the Sage (level 17, -6/133 HPs)
             Began as a Gnoll Air Elementalist on July 22, 2019.
             Was a High Priest of Sif Muna.
             Mangled by Mennas
             ... wielding a +2 trishula of holy wrath
              (23 damage)
             ... on level 2 of the Vaults on July 24, 2019.
             The game lasted 04:27:46 (64861 turns).

xelsha the Sage (Gnoll Air Elementalist)           Turns: 64861, Time: 04:27:47

Health: -6/133     AC: 17    Str: 18    XL:     17   Next: 92%
Magic:  0/33       EV: 18    Int: 25    God:    Sif Muna [*****.]
Gold:   2088       SH:  0    Dex: 12    Spells: 5/41 levels left

rFire    . . .     SeeInvis .   z - +2 war axe (venom)
rCold    + . .     Gourm    .   h - +1 shield {AC+3}
rNeg     . . .     Faith    .   S - +3 leather armour of Prudence {rPois rC+ Dex-3}
rPois    +         Spirit   +   d - +2 hat
rElec    .         Reflect  .   a - scarf {Spirit}
rCorr    .         Harm     .   k - +1 pair of gloves of the Storm King {Str+3 Int+4}
MR       +++..                  o - +1 pair of boots
Stlth    +.........             Y - amulet of magic regeneration
HPRegen  0.32/turn              N - ring of protection from magic
MPRegen  0.48/turn              t - ring of protection from magic

@: confused, glowing
A: distributed training, fangs 1, strong nose
}: 1/15 runes: gossamer
a: Divine Energy, Channel Magic, Forget Spell, Renounce Religion


You were on level 2 of the Vaults.
You worshipped Sif Muna.
Sif Muna was extremely pleased with you.
You were not hungry.

You visited 6 branches of the dungeon, and saw 30 of its levels.

You collected 3488 gold pieces.
You spent 1400 gold pieces at shops.

Inventory:

Hand Weapons
 r - a +7 demon whip of flaming
 z - a +2 war axe of venom (weapon)
 E - a +0 blowgun
Missiles
 U - 6 javelins (quivered)
Armour
 a - a scarf of spirit shield (worn)
 d - a +2 hat (worn)
 h - a +1 shield of protection (worn)
 k - the +1 pair of gloves of the Storm King (worn) {Str+3 Int+4}
   (You acquired it on level 2 of the Lair of Beasts)

   It affects your strength (+3).
   It affects your intelligence (+4).
 o - a +1 pair of boots (worn)
 S - the +3 leather armour of Prudence (worn) {rPois rC+ Dex-3}
   (You found it on level 10 of the Dungeon)

   It affects your dexterity (-3).
   It protects you from cold.
   It protects you from poison.
Magical Staves
 P - an uncursed staff of wizardry
Jewellery
 t - a ring of protection from magic (right hand)
 C - an uncursed ring of see invisible
 D - the ring "Qiuluun" {Wiz Dex+2}
   (You found it on level 7 of the Dungeon)

   [ring of wizardry]

   It improves your spell success rate.
   It affects your dexterity (+2).
 G - the ring of Qougeogomu {+Fly rElec Slay+2}
   (You found it on level 7 of the Dungeon)

   [ring of flight]

   It affects your accuracy and damage with ranged weapons and melee attacks
   (+2).
   It insulates you from electricity.
   It lets you fly.
 H - an uncursed ring of ice
 N - a ring of protection from magic (left hand)
 Y - an amulet of magic regeneration (around neck)
 Z - an uncursed ring of resist corrosion
Wands
 j - a wand of disintegration (38)
 q - a wand of iceblast (20)
 y - a wand of acid (5)
 F - a wand of enslavement (9)
 J - a wand of digging (15)
 M - a wand of paralysis (16)
 O - a wand of polymorph (24)
Scrolls
 b - 5 scrolls of fear
 e - 2 scrolls of magic mapping
 f - 13 scrolls of remove curse
 l - 14 scrolls of identify
 m - 9 scrolls of teleportation
 n - a scroll of holy word
 u - a scroll of blinking
 I - 3 scrolls of amnesia
 W - 2 scrolls of fog
Potions
 g - 2 potions of agility
 i - 4 potions of brilliance
 p - 5 potions of berserk rage
 s - 4 potions of ambrosia
 v - 9 potions of lignification
 w - 3 potions of flight
 x - 5 potions of resistance
 A - 5 potions of curing
 Q - 2 potions of haste
 V - 2 potions of invisibility
 X - 4 potions of might
Miscellaneous
 L - a fan of gales
Comestibles
 c - 18 rations


   Skills:
 + Level 11.6 Fighting
 + Level 11.6 Short Blades
 + Level 11.6 Long Blades
 + Level 11.6 Axes
 + Level 11.6 Maces & Flails
 + Level 11.6 Polearms
 + Level 11.6 Staves
 + Level 11.6 Slings
 + Level 11.6 Bows
 + Level 11.6 Crossbows
 + Level 11.6 Throwing
 + Level 11.6 Armour
 + Level 12.4 Dodging
 + Level 12.3 Stealth
 + Level 11.6 Shields
 + Level 11.6 Unarmed Combat
 + Level 12.5 Spellcasting
 + Level 10.2 Conjurations
 + Level 9.9 Hexes
 + Level 9.9 Charms
 + Level 9.9 Summonings
 + Level 9.9 Necromancy
 + Level 9.9 Translocations
 + Level 9.9 Transmutations
 + Level 9.9 Fire Magic
 + Level 9.9 Ice Magic
 + Level 11.2 Air Magic
 + Level 9.9 Earth Magic
 + Level 9.9 Poison Magic
 + Level 12.5 Invocations
 + Level 11.6 Evocations


You had 5 spell levels left.
You knew the following spells:

 Your Spells              Type           Power        Failure   Level  Hunger
a - Borgnjor's Vile Clut  Necr/Erth      ######....   3%          5    ###....
b - Swiftness             Chrm/Air       ######..     1%          2    None
c - Statue Form           Tmut/Erth      ######...    17%         6    #####..
d - Airstrike             Air            ######....   1%          4    None
e - Confusing Touch       Hex            ######       1%          1    None
f - Ignite Poison         Fire/Tmut/Pois ######..     1%          3    None
g - Summon Lightning Spi  Summ/Air       ######..     1%          4    None
h - Sublimation of Blood  Necr           ######....   1%          2    None
j - Apportation           Tloc           ######       1%          1    None
k - Blink                 Tloc           N/A          1%          2    None
l - Passwall              Tmut/Erth      ######..     1%          2    None
m - Passage of Golubria   Tloc           N/A          1%          4    None

Your spell library contained the following spells:

 Spells                   Type           Power        Failure   Level  Hunger
 Animate Skeleton         Necr           N/A          1%          1    None
 Pain                     Necr           ####         1%          1    None
 Sandblast                Erth           ######       1%          1    None
 Shock                    Conj/Air       ####         1%          1    None
 Summon Small Mammal      Summ           ####         1%          1    None
 Ensorcelled Hibernation  Hex/Ice        ######       1%          2    None
 Shroud of Golubria       Chrm/Tloc      ######....   1%          2    None
 Throw Flame              Conj/Fire      ######       1%          2    None
 Confuse                  Hex            ######..     1%          3    None
 Gell's Gravitas          Tloc           ######....   1%          3    None
 Lesser Beckoning         Tloc           ######....   1%          3    None
 Static Discharge         Conj/Air       ######..     1%          3    None
 Stone Arrow              Conj/Erth      ######       1%          3    None
 Summon Guardian Golem    Hex/Summ       ######..     1%          3    None
 Teleport Other           Tloc           ######..     1%          3    None
 Force Lance              Conj/Tloc      ######..     1%          4    None
 Fulminant Prism          Conj/Hex       ######....   1%          4    None
 Leda's Liquefaction      Hex/Erth       ######....   1%          4    None
 Petrify                  Tmut/Erth      ######..     1%          4    None
 Lightning Bolt           Conj/Air       ######....   2%          5    ###....
 Silence                  Hex/Air        ######....   2%          5    ###....
 Alistair's Intoxication  Tmut/Pois      ######..     3%          5    ###....
 Bolt of Draining         Conj/Necr      ######....   3%          5    ###....
 Bolt of Magma            Conj/Fire/Erth ######....   3%          5    ###....
 Dispel Undead            Necr           ######..     3%          5    ###....
 Irradiate                Conj/Tmut      ######....   3%          5    ###....
 Iskenderun's Battlesphe  Conj/Chrm      ######..     3%          5    ###....
 Lee's Rapid Deconstruct  Erth           ######....   3%          5    ###....
 Metabolic Englaciation   Hex/Ice        ######....   3%          5    ###....
 Summon Mana Viper        Hex/Summ       ######..     3%          5    ###....
 Yara's Violent Unravell  Hex/Tmut       ######....   3%          5    ###....
 Bolt of Fire             Conj/Fire      ######....   16%         6    #####..
 Darkness                 Hex            ######....   17%         6    #####..
 Hydra Form               Tmut           ######....   17%         6    #####..
 Shadow Creatures         Summ           N/A          17%         6    #####..
 Dragon Form              Tmut           ######....   67%         7    ######.
 Chain Lightning          Conj/Air       ######....   99%         8    #######
 Death's Door             Chrm/Necr      ######....   100%        8    #######
 Necromutation            Tmut/Necr      ######....   100%        8    #######
 Glaciate                 Conj/Ice       ######....   100%        9    #######
 Tornado                  Air            ######....   100%        9    #######


Dungeon Overview and Level Annotations

Branches:
Dungeon (15/15)            Temple (1/1) D:7            Lair (6/6) D:11
  Swamp (0/4) Lair:2       Spider (4/4) Lair:2        Slime (0/5) Lair:6
    Orc (2/2) D:9             Elf (0/3) Orc:2        Vaults (2/5) D:13
 Depths (0/5) D:15
  Crypt: Vaults:2-3

Altars:
Ashenzari
Cheibriados
Dithmenos
Elyvilon
Fedhas
Gozag
Hepliaklqana
Kikubaaqudgha
Makhleb
Nemelex Xobeh
Okawaru
Qazlal
Ru
Sif Muna
Trog
Uskayaw
Vehumet
Wu Jian
Xom
Yredelemnul
Zin
The Shining One
Beogh

Shops:
D:9 !*   D:15 ?   Orc:1 :   Orc:2 ([*}

Annotations:
D:12 1 runed translucent door, HEYYEYAAE's ghost, journeyman TrBe
D:15 1 runed translucent door, funkygono's ghost, weakling FoFi
Spider:1 1 runed translucent door
Vaults:2 Mennas


Innate Abilities, Weirdness & Mutations

Your experience applies equally to all skills.
You have very sharp teeth.
Your uncanny sense of smell can sniff out nearby items.


Message History

You open the door.
The vault guard looks more healthy.
There is an open door here.
Mennas becomes audible again.
Mennas hits you from afar with a +2 trishula of holy wrath!!
Mennas closely misses you. You block Mennas's attack.
Mennas hits you from afar with a +2 trishula of holy wrath.
You block the vault guard's attack.
Mennas gestures frantically.
You are confused.
You bump into the stone wall.
Mennas hits you from afar with a +2 trishula of holy wrath!
* * * LOW HITPOINT WARNING * * *
Mennas hits you from afar with a +2 trishula of holy wrath!
* * * LOW HITPOINT WARNING * * *
There is a stone staircase leading up here.
Mennas shakes his head sadly.
Mennas hits you from afar with a +2 trishula of holy wrath!!
You die...

#..#.......# .+
#..#.......#..#
#..#..###..#..# #.....#
#.....# #..#..###..#..#
##+########..#.......#..#
#........O#..#.......# .#
#...#O###.'O.####.####..
#O..##..#.#....p@.......#
(.(A)...#.#...A.........#
#.))....##########+######
###.......# #.......#
#..##...# +.###.#...#
#.........# ∆ ######+####


You could see Mennas, a vault guard, a two-headed ogre and an ogre.

Vanquished Creatures
  Asterion (Spider:3)
  2 ghost moths
  A vault warden (Vaults:2)
  A deep elf sorcerer (Vaults:1)
  3 emperor scorpions (Spider:4)
  Louise (Spider:3)
  An ironheart preserver (Vaults:1)
  3 entropy weavers
  Nessos (Orc:2)
  3 spark wasps (Spider:4)
  An ettin (D:13)
  A fire dragon (Lair:6)
  A vault guard (Vaults:2)
  4 hydras
  An ice dragon (D:13)
  Erolcha (D:11)
  A centaur warrior (D:13)
  A catoblepas (D:15)
  9 two-headed ogres
  6 tengu warriors
  2 ogre magi (Vaults:1)
  3 death yaks
  An orc high priest (Orc:2)
  A deep elf knight (Vaults:1)
  Urug (D:10)
  2 skeletal warriors (D:15)
  A fire crab (shapeshifter) (D:13)
  A swamp dragon (Lair:6)
  4 unseen horrors
  A necromancer (D:15)
  A phantasmal warrior (D:15)
  2 lindwurms (Lair:6)
  A wolf spider zombie (D:14)
  11 orb spiders
  4 orc knights
  A tengu zombie (D:15)
  A wolf spider (shapeshifter) (D:13)
  An oklob plant (D:11)
  6 cyclopes
  34 wolf spiders
  A frost giant zombie (D:15)
  3 orc sorcerers
  4 manticores
  9 elephants (Lair:5)
  11 ugly things
  4 deep elf magi
  A moth of wrath (Spider:4)
  2 black mambas
  Joseph (D:9)
  Psyche (D:8)
  2 vault sentinels
  4 torpor snails
  A stone giant skeleton (D:15)
  A gargoyle (D:15)
  7 spiny frogs
  2 rime drakes
  3 freezing wraiths
  16 demonic crawlers
  2 komodo dragons
  A tengu conjurer (D:14)
  2 yaktaurs (Vaults:1)
  A polar bear (Lair:5)
  A redback zombie (D:13)
  5 trolls
  A queen bee (D:8)
  A queen bee (shapeshifter) (Vaults:1)
  29 jumping spiders
  16 hornets
  20 slime creatures
  2 tyrant leeches (Lair:6)
  A fire dragon zombie (D:15)
  8 hippogriffs
  A human simulacrum (Vaults:1)
  4 blink frogs
  17 tarantellas
  56 redbacks
  2 wraiths
  2 shadows
  3 wyverns
  18 yaks
  A human (shapeshifter) (D:13)
  4 basilisks
  6 vampire mosquitoes
  3 steam dragons
  2 swamp worms (Lair:2)
  An acid dragon (Lair:6)
  6 soldier ants
  3 wargs
  A swamp drake (Lair:6)
  27 orc warriors
  7 ice beasts
  5 porcupines
  13 water moccasins
  3 sky beasts
  2 black bears
  4 phantoms
  An eye of draining (D:13)
  2 necrophages
  21 ogres
  6 wolves
  7 boggarts
  9 centaurs
  18 crocodiles
  A big kobold (D:12)
  20 bullfrogs
  Blork the orc (D:12)
  2 wyvern skeletons
  3 scorpions
  13 killer bees
  11 wights
  10 electric eels
  6 howler monkeys
  7 crimson imps
  2 quasits
  4 centaur zombies
  A bullfrog skeleton (D:10)
  4 jellies
  19 orc priests
  2 centaur skeletons
  24 orc wizards
  A gnoll shaman (D:4)
  6 hounds
  5 iguanas
  27 worker ants
  A hound skeleton (D:5)
  2 hound zombies
  A worker ant zombie (D:7)
  12 adders
  4 gnolls (D:4)
  3 shadow imps
  An ooze (Lair:6)
  2 adder skeletons (D:7)
  8 worms
  A dart slug (D:4)
  6 leopard geckos
  92 orcs
  14 giant cockroaches
  12 hobgoblins
  2 quokkas
  A ball python (D:3)
  8 bats
  3 frilled lizards
  A giant cockroach zombie (D:6)
  9 goblins
  9 kobolds
  A leopard gecko skeleton (D:6)
  A quokka skeleton (D:5)
  A quokka zombie (D:6)
  7 rats
  6 plants
917 creatures vanquished.

Vanquished Creatures (collateral kills)
  A vault warden (Vaults:1)
  An emperor scorpion (Spider:4)
  An orc warlord (Orc:2)
  A dire elephant (Lair:5)
  Josephine (Lair:5)
  Fannar (Lair:2)
  4 hydras
  An ice dragon (Lair:6)
  A queen ant (Spider:3)
  A two-headed ogre (Vaults:1)
  5 death yaks
  An orc knight (Orc:2)
  5 orb spiders
  3 wolf spiders (Spider:4)
  2 ugly things (D:13)
  2 orc sorcerers
  9 elephants (Lair:5)
  A centaur zombie (D:13)
  3 torpor snails (Lair:6)
  4 spiny frogs
  A spiny frog (shapeshifter) (D:13)
  6 komodo dragons
  A rime drake (Lair:5)
  A yaktaur (Vaults:1)
  A demonic crawler (Spider:4)
  A queen bee (shapeshifter) (D:13)
  5 jumping spiders (Spider:4)
  A bog body (Lair:2)
  A tyrant leech (Lair:6)
  5 hornets
  2 blink frogs (Lair:5)
  5 redbacks
  A shadow (D:15)
  5 tarantellas
  6 yaks
  3 wraiths (Lair:5)
  An acid dragon (Lair:6)
  A soldier ant (Spider:3)
  A water moccasin (D:11)
  9 orc warriors
  A black bear (Lair:5)
  An ogre (Vaults:1)
  6 wolves
  6 crocodiles
  A scorpion (Lair:1)
  4 orc priests
  4 orc wizards
  3 worker ants (Spider:3)
  5 oozes (Lair:6)
  13 orcs
  4 fungi
  2 plants (Lair:6)
155 creatures vanquished.

Vanquished Creatures (others)
  Nikola (D:13)
  A two-headed ogre (Vaults:1)
  An orc knight (Vaults:1)
  2 vault sentinels (Vaults:1)
  A jumping spider (Spider:4)
  An ogre (Vaults:1)
  A redback (Spider:2)
  A warg (Vaults:1)
  A quokka (D:10)
  A bush (Lair:5)
  2 butterflies (Lair:6)
  22 fungi
  14 plants
  4 toadstools (D:7)
  A withered plant (D:15)
54 creatures vanquished.

Grand Total: 1126 creatures vanquished

Notes
Turn   | Place    | Note
-------+----------+-------------------------------------------
     0 | D:1      | xelsha the Gnoll Air Elementalist began the quest for the
                  | Orb.
     0 | D:1      | Reached XP level 1. HP: 13/13 MP: 6/6
    80 | D:1      | Reached XP level 2. HP: 19/19 MP: 4/7
   620 | D:1      | Learned a level 2 spell: Swiftness
   752 | D:2      | Reached XP level 3. HP: 23/25 MP: 6/9
   761 | D:2      | Learned a level 3 spell: Static Discharge
   783 | D:2      | Reached skill level 5 in Spellcasting
  1136 | D:2      | Reached skill level 1 in Invocations
  1228 | D:2      | Reached skill level 1 in Fighting
  1228 | D:2      | Reached skill level 1 in Short Blades
  1228 | D:2      | Reached skill level 1 in Long Blades
  1228 | D:2      | Reached skill level 1 in Axes
  1228 | D:2      | Reached skill level 1 in Maces & Flails
  1228 | D:2      | Reached skill level 1 in Polearms
  1228 | D:2      | Reached skill level 1 in Staves
  1228 | D:2      | Reached skill level 1 in Slings
  1228 | D:2      | Reached skill level 1 in Bows
  1228 | D:2      | Reached skill level 1 in Crossbows
  1228 | D:2      | Reached skill level 1 in Throwing
  1228 | D:2      | Reached skill level 1 in Armour
  1228 | D:2      | Reached skill level 1 in Shields
  1228 | D:2      | Reached skill level 1 in Unarmed Combat
  1228 | D:2      | Reached skill level 1 in Evocations
  1377 | D:2      | Reached XP level 4. HP: 32/32 MP: 3/11
  1792 | D:2      | Found a hide-covered altar of Uskayaw.
  2064 | D:3      | Learned a level 4 spell: Airstrike
  2074 | D:3      | Reached skill level 1 in Hexes
  2074 | D:3      | Reached skill level 1 in Charms
  2074 | D:3      | Reached skill level 1 in Summonings
  2074 | D:3      | Reached skill level 1 in Necromancy
  2074 | D:3      | Reached skill level 1 in Translocations
  2074 | D:3      | Reached skill level 1 in Transmutations
  2074 | D:3      | Reached skill level 1 in Fire Magic
  2074 | D:3      | Reached skill level 1 in Ice Magic
  2074 | D:3      | Reached skill level 1 in Earth Magic
  2074 | D:3      | Reached skill level 1 in Poison Magic
  2097 | D:3      | Reached XP level 5. HP: 37/37 MP: 1/12
  3978 | D:4      | Reached XP level 6. HP: 44/44 MP: 5/13
  4129 | D:4      | Noticed a phantom
  4143 | D:4      | Reached skill level 5 in Dodging
  4143 | D:4      | Killed a phantom
  4439 | D:4      | Reached XP level 7. HP: 50/50 MP: 6/15
  6063 | D:5      | Entered Level 5 of the Dungeon
  6092 | D:5      | Reached skill level 5 in Stealth
  6530 | D:5      | Found a hide-covered altar of Uskayaw.
  6623 | D:5      | Reached XP level 8. HP: 52/57 MP: 9/16
  9517 | D:7      | Reached XP level 9. HP: 33/65 MP: 12/18
 10085 | D:7      | Noticed a two-headed ogre
 10169 | D:7      | Killed a two-headed ogre
 10378 | D:7      | Noticed a manticore
 10541 | D:7      | Killed a manticore
 10541 | D:7      | Reached skill level 5 in Invocations
 11226 | D:7      | Reached XP level 10. HP: 70/73 MP: 6/20
 11579 | D:7      | Noticed a two-headed ogre
 11864 | D:7      | Found a staircase to the Ecumenical Temple.
 12626 | D:7      | Reached skill level 5 in Fighting
 12626 | D:7      | Reached skill level 5 in Short Blades
 12626 | D:7      | Reached skill level 5 in Long Blades
 12626 | D:7      | Reached skill level 5 in Axes
 12626 | D:7      | Reached skill level 5 in Maces & Flails
 12626 | D:7      | Reached skill level 5 in Polearms
 12626 | D:7      | Reached skill level 5 in Staves
 12626 | D:7      | Reached skill level 5 in Slings
 12626 | D:7      | Reached skill level 5 in Bows
 12626 | D:7      | Reached skill level 5 in Crossbows
 12626 | D:7      | Reached skill level 5 in Throwing
 12626 | D:7      | Reached skill level 5 in Armour
 12626 | D:7      | Reached skill level 5 in Shields
 12626 | D:7      | Reached skill level 5 in Unarmed Combat
 12626 | D:7      | Reached skill level 5 in Evocations
 13729 | D:7      | Got a transparent marble ring
 13744 | D:7      | Got a fine pewter ring
 14396 | D:8      | Killed an unseen horror
 14396 | D:8      | Reached skill level 5 in Conjurations
 14644 | D:8      | Noticed Psyche
 14654 | D:8      | Killed Psyche
 16032 | D:8      | Reached XP level 11. HP: 76/81 MP: 5/22
 16433 | D:9      | Found Gozag's Platinum Reserve.
 16433 | D:9      | Found an opulent altar of Gozag.
 16482 | D:9      | Found Gigoas's Distillery.
 16610 | D:9      | Noticed Joseph
 16638 | D:9      | Killed Joseph
 17132 | D:9      | Found a staircase to the Orcish Mines.
 17234 | D:10     | Entered Level 10 of the Dungeon
 18901 | D:10     | You fall through a shaft!
 19259 | D:11     | Reached skill level 5 in Hexes
 19259 | D:11     | Reached skill level 5 in Charms
 19259 | D:11     | Reached skill level 5 in Summonings
 19259 | D:11     | Reached skill level 5 in Necromancy
 19259 | D:11     | Reached skill level 5 in Translocations
 19259 | D:11     | Reached skill level 5 in Transmutations
 19259 | D:11     | Reached skill level 5 in Fire Magic
 19259 | D:11     | Reached skill level 5 in Ice Magic
 19259 | D:11     | Reached skill level 5 in Earth Magic
 19259 | D:11     | Reached skill level 5 in Poison Magic
 20645 | D:10     | Got a faintly humming leather armour
 20656 | D:10     | Identified the +3 leather armour of Prudence {rPois rC+
                  | Dex-3} (You found it on level 10 of the Dungeon)
 20911 | D:10     | Noticed a tengu warrior
 20923 | D:10     | Killed a tengu warrior
 20924 | D:10     | Noticed a tengu warrior
 21380 | D:8      | Identified the ring "Qiuluun" {Wiz Dex+2} (You found it on
                  | level 7 of the Dungeon)
 21384 | D:8      | Identified the ring of Qougeogomu {+Fly rElec Slay+2} (You
                  | found it on level 7 of the Dungeon)
 21423 | D:9      | Noticed an unseen horror
 21430 | D:9      | Killed an unseen horror
 21622 | D:10     | Killed a tengu warrior
 22314 | D:10     | Noticed Urug
 22887 | D:10     | Killed Urug
 23033 | D:10     | Identified the Collected Works on Stolen Souls and Flight
 23037 | D:10     | Learned a level 1 spell: Confusing Touch
 23041 | D:10     | Learned a level 3 spell: Ignite Poison
 23046 | D:10     | Learned a level 4 spell: Summon Lightning Spire
 23491 | D:11     | Noticed Erolcha
 23527 | D:11     | Found a staircase to the Lair.
 23530 | D:11     | Noticed an oklob plant
 23558 | D:11     | Killed an oklob plant
 25001 | Temple   | Entered the Ecumenical Temple
 25090 | Temple   | Became a worshipper of Sif Muna the Loreminder
 25273 | Lair:1   | Entered Level 1 of the Lair of Beasts
 25420 | Lair:1   | Reached XP level 12. HP: 63/89 MP: 24/24
 25993 | Lair:1   | Noticed a seven-headed hydra
 27303 | D:11     | Killed a seven-headed hydra
 28079 | Lair:1   | Learned a level 2 spell: Sublimation of Blood
 28583 | Lair:2   | Noticed Fannar
 29498 | Lair:2   | Found a staircase to the Swamp.
 29543 | Lair:2   | Killed Fannar
 30147 | Lair:2   | Found a hole to the Spider Nest.
 30883 | Lair:3   | Noticed a death yak
 30885 | Lair:3   | Noticed a death yak
 30908 | Lair:3   | Killed a death yak
 30916 | Lair:3   | Killed a death yak
 31714 | Lair:3   | Identified a scroll of acquirement
 32002 | Lair:3   | Noticed a five-headed hydra
 32144 | Lair:3   | Killed a five-headed hydra
 33367 | Lair:5   | Reached XP level 13. HP: 92/98 MP: 24/26
 33976 | Lair:5   | Noticed Josephine
 34039 | Lair:5   | Killed Josephine
 34039 | Lair:5   | Reached * piety under Sif Muna
 35226 | Lair:5   | Noticed a dire elephant
 35851 | Lair:5   | Killed a dire elephant
 36409 | Lair:6   | Entered Level 6 of the Lair of Beasts
 37285 | Lair:6   | Found a staircase to the Slime Pits.
 37745 | Lair:6   | Reached skill level 10 in Spellcasting
 37870 | Lair:6   | Reached ** piety under Sif Muna
 38297 | Lair:6   | Reached XP level 14. HP: 82/106 MP: 16/28
 39079 | Lair:6   | Found a runed translucent door.
 39514 | Lair:6   | Reached skill level 10 in Dodging
 39753 | Lair:6   | Learned a level 5 spell: Borgnjor's Vile Clutch
 40108 | Orc:1    | Entered Level 1 of the Orcish Mines
 40153 | Orc:1    | Found Juqeamef's Book Shoppe.
 40297 | Orc:2    | Entered Level 2 of the Orcish Mines
 40323 | Orc:2    | Noticed Nessos
 40707 | Orc:1    | Found a radiant altar of Vehumet.
 41962 | Orc:2    | Found a roughly hewn altar of Beogh.
 41992 | Orc:2    | Reached skill level 10 in Stealth
 42082 | Orc:2    | Killed Nessos
 42398 | Orc:2    | Noticed an orc warlord
 42701 | Orc:2    | Found a roughly hewn altar of Beogh.
 42730 | Orc:2    | Found a staircase to the Elven Halls.
 42828 | Orc:2    | Found a roughly hewn altar of Beogh.
 42864 | Orc:2    | Found Quckumat's Gadget Shop.
 42875 | Orc:2    | Reached skill level 10 in Invocations
 43083 | Orc:2    | Killed an orc warlord
 43510 | Orc:2    | Found a roughly hewn altar of Beogh.
 43511 | Orc:2    | Found Wecwaeju's Assorted Antiques.
 43591 | Orc:2    | Reached *** piety under Sif Muna
 43767 | Orc:2    | Found Atuig's Antique Armour Shoppe.
 43768 | Orc:2    | Found a roughly hewn altar of Beogh.
 43777 | Orc:2    | Found Noeduar's Antique Weapon Emporium.
 43855 | Orc:2    | Found a roughly hewn altar of Beogh.
 43941 | D:11     | Killed Erolcha
 44314 | D:12     | Got a smoking robe
 44329 | D:12     | Identified the +1 robe of Immorality {rElec rC+ Int-3} (You
                  | found it on level 12 of the Dungeon)
 44504 | D:12     | Found a runed translucent door.
 44504 | D:12     | Found a shimmering altar of Xom.
 44504 | D:12     | Noticed HEYYEYAAE's ghost (journeyman TrBe)
 44778 | D:12     | Noticed Blork the orc
 44886 | D:12     | Killed Blork the orc
 44893 | D:12     | Found a deep blue altar of Sif Muna.
 45136 | D:12     | Identified the +11 morningstar of Contention {chaos, rF++
                  | MR- Int+5}
 45252 | Orc:1    | Bought a book of Spatial Translocations for 910 gold pieces
 45252 | Orc:1    | Bought a book of Geomancy for 490 gold pieces
 45254 | Orc:1    | Learned a level 1 spell: Animate Skeleton
 45256 | Orc:1    | Learned a level 1 spell: Apportation
 45259 | Orc:1    | Learned a level 2 spell: Blink
 45262 | Orc:1    | Learned a level 2 spell: Passwall
 45267 | Orc:1    | Learned a level 4 spell: Passage of Golubria
 45490 | D:13     | Reached XP level 15. HP: 106/114 MP: 27/29
 46229 | D:13     | Reached **** piety under Sif Muna
 46334 | D:13     | Found a gate to the Vaults.
 48528 | D:15     | Entered Level 15 of the Dungeon
 48583 | D:15     | Reached skill level 10 in Air Magic
 48784 | D:15     | Reached skill level 10 in Fighting
 48784 | D:15     | Reached skill level 10 in Short Blades
 48784 | D:15     | Reached skill level 10 in Long Blades
 48784 | D:15     | Reached skill level 10 in Axes
 48784 | D:15     | Reached skill level 10 in Maces & Flails
 48784 | D:15     | Reached skill level 10 in Polearms
 48784 | D:15     | Reached skill level 10 in Staves
 48784 | D:15     | Reached skill level 10 in Slings
 48784 | D:15     | Reached skill level 10 in Bows
 48784 | D:15     | Reached skill level 10 in Crossbows
 48784 | D:15     | Reached skill level 10 in Throwing
 48784 | D:15     | Reached skill level 10 in Armour
 48784 | D:15     | Reached skill level 10 in Shields
 48784 | D:15     | Reached skill level 10 in Unarmed Combat
 48784 | D:15     | Reached skill level 10 in Evocations
 49338 | D:15     | Found a runed translucent door.
 49351 | D:15     | Noticed funkygono's ghost (weakling FoFi)
 49502 | D:15     | Found a staircase to the Depths.
 49920 | D:15     | Found Igepats's Magic Scroll Shoppe.
 50317 | Spider:1 | Entered Level 1 of the Spider Nest
 50888 | Lair:2   | Got a smoking buckler
 50899 | Lair:2   | Identified the +2 buckler of the Immovable Tables {rF+}
                  | (You acquired it on level 2 of the Lair of Beasts)
 50911 | Lair:2   | Got a pair of ichor-stained gloves
 50922 | Lair:2   | Identified the +1 pair of gloves of the Storm King {Str+3
                  | Int+4} (You acquired it on level 2 of the Lair of Beasts)
 50994 | Spider:1 | Reached ***** piety under Sif Muna
 50994 | Spider:1 | Identified Sif Muna's Collected Works on the Dark Blaze
                  | (Sif Muna gifted it to you on level 1 of the Spider Nest)
 50994 | Spider:1 | Received a gift from Sif Muna
 51046 | Spider:1 | Found a runed translucent door.
 51865 | Spider:2 | Reached XP level 16. HP: 122/122 MP: 22/31
 55053 | Spider:3 | Noticed Louise
 56665 | Spider:3 | Killed Louise
 57292 | Spider:4 | Entered Level 4 of the Spider Nest
 57520 | Spider:4 | Noticed Asterion
 57574 | Spider:3 | Learned a level 6 spell: Statue Form
 57592 | Spider:4 | Noticed an Executioner
 57597 | Spider:3 | Killed Asterion
 58068 | Spider:4 | Identified Asmodeus's Almanac of Scorching Attacks (Sif
                  | Muna gifted it to you on level 4 of the Spider Nest)
 58068 | Spider:4 | Received a gift from Sif Muna
 58590 | Spider:4 | Reached XP level 17. HP: 115/131 MP: 29/33
 60838 | Spider:4 | Got a gossamer rune of Zot
 61288 | Vaults:1 | Entered Level 1 of the Vaults
 61432 | Vaults:1 | Noticed Nikola
 61823 | D:13     | Killed Nikola
 62024 | D:13     | Reached skill level 10 in Conjurations
 64499 | Vaults:1 | Identified Sif Muna's Grimoire of Bewitchment (Sif Muna
                  | gifted it to you on level 1 of the Vaults)
 64499 | Vaults:1 | Received a gift from Sif Muna
 64839 | Vaults:2 | Noticed Mennas
 64861 | Vaults:2 | Mangled by Mennas

Skill      XL: |  1  2  3  4  5  6  7  8  9 10 11 12 13 14 15 16 17 |
---------------+----------------------------------------------------+-----
Conjurations   | 2 3 4 5 6 7 8 9 10 | 10.2
Spellcasting   | 5 6 7 8 9 10 11 12 | 12.5
Invocations    | 1 2 3 4 5 6 7 8 9 10 11 12 | 12.5
Fighting       | 1 2 3 4 5 6 7 8 9 10 11 | 11.6
Short Blades   | 1 2 3 4 5 6 7 8 9 10 11 | 11.6
Long Blades    | 1 2 3 4 5 6 7 8 9 10 11 | 11.6
Axes           | 1 2 3 4 5 6 7 8 9 10 11 | 11.6
Maces & Flails | 1 2 3 4 5 6 7 8 9 10 11 | 11.6
Polearms       | 1 2 3 4 5 6 7 8 9 10 11 | 11.6
Staves         | 1 2 3 4 5 6 7 8 9 10 11 | 11.6
Slings         | 1 2 3 4 5 6 7 8 9 10 11 | 11.6
Bows           | 1 2 3 4 5 6 7 8 9 10 11 | 11.6
Crossbows      | 1 2 3 4 5 6 7 8 9 10 11 | 11.6
Throwing       | 1 2 3 4 5 6 7 8 9 10 11 | 11.6
Armour         | 1 2 3 4 5 6 7 8 9 10 11 | 11.6
Shields        | 1 2 3 4 5 6 7 8 9 10 11 | 11.6
Unarmed Combat | 1 2 3 4 5 6 7 8 9 10 11 | 11.6
Evocations     | 1 2 3 4 5 6 7 8 9 10 11 | 11.6
Hexes          | 1 2 3 4 5 6 7 8 9 |  9.9
Charms         | 1 2 3 4 5 6 7 8 9 |  9.9
Summonings     | 1 2 3 4 5 6 7 8 9 |  9.9
Necromancy     | 1 2 3 4 5 6 7 8 9 |  9.9
Translocations | 1 2 3 4 5 6 7 8 9 |  9.9
Transmutations | 1 2 3 4 5 6 7 8 9 |  9.9
Fire Magic     | 1 2 3 4 5 6 7 8 9 |  9.9
Ice Magic      | 1 2 3 4 5 6 7 8 9 |  9.9
Earth Magic    | 1 2 3 4 5 6 7 8 9 |  9.9
Poison Magic   | 1 2 3 4 5 6 7 8 9 |  9.9
Dodging        | 5 6 7 8 9 10 11 12 | 12.4
Stealth        | 5 6 7 8 9 10 11 12 | 12.3
Air Magic      | 6 7 8 9 10 11 | 11.2

Action                   |  1- 3 |  4- 6 |  7- 9 | 10-12 | 13-15 | 16-18 || total
-------------------------+-------+-------+-------+-------+-------+-------++-------
Melee: Dagger            |    20 |    49 |   186 |    37 |       |       ||   292
       Club              |     3 |       |       |       |       |       ||     3
       Bite              |     2 |     7 |    25 |    96 |   207 |   111 ||   448
       Trident           |       |       |       |   955 |   957 |       ||  1912
       Punch             |       |       |       |    20 |       |       ||    20
       War axe           |       |       |       |       |   565 |   691 ||  1256
 Fire: Blowgun           |       |       |       |       |    22 |     3 ||    25
Throw: Javelin           |       |       |       |     1 |     6 |     6 ||    13
 Cast: Shock             |    48 |    94 |    89 |    27 |       |       ||   258
       Static Discharge  |     2 |     7 |    67 |   138 |    26 |       ||   240
       Airstrike         |       |     2 |    10 |    30 |    57 |       ||    99
       Swiftness         |       |       |       |     1 |       |       ||     1
       Summon Lightning  |       |       |       |    36 |    88 |    29 ||   153
       Confusing Touch   |       |       |       |     1 |     2 |       ||     3
       Ignite Poison     |       |       |       |       |    89 |   136 ||   225
       Borgnjor's Vile C |       |       |       |       |    12 |    45 ||    57
       Blink             |       |       |       |       |     2 |     3 ||     5
       Statue Form       |       |       |       |       |       |    14 ||    14
       Passwall          |       |       |       |       |       |     1 ||     1
       Apportation       |       |       |       |       |       |     4 ||     4
Invok: Channel Magic     |       |       |       |       |       |     3 ||     3
Evoke: Wand              |       |       |     5 |     7 |     7 |    17 ||    36
  Use: Scroll            |       |       |     6 |    21 |    13 |     7 ||    47
       Potion            |       |       |     3 |     4 |     5 |     4 ||    16
 Stab: Sleeping          |       |       |     5 |    20 |    30 |     5 ||    60
       Distracted        |       |       |     1 |     9 |    20 |     6 ||    36
       Confused          |       |       |       |       |     1 |       ||     1
  Eat: Chunk             |     1 |    10 |    19 |    22 |    45 |    15 ||   112
       Ration            |       |       |     2 |    16 |     7 |    11 ||    36
Armor: Robe              |    19 |     6 |    28 |    34 |    18 |       ||   105
       Skin              |       |       |    10 |     5 |       |    97 ||   112
       Steam dragon scal |       |       |       |   194 |       |       ||   194
       Leather armour    |       |       |       |   145 |   492 |   323 ||   960
Dodge: Dodged            |    47 |    53 |   188 |   726 |   960 |   866 ||  2840
Block: Shield            |       |       |       |   205 |  1016 |   879 ||  2100
